 Dungeon Crawl Stone Soup version 0.29-a0-925-g0a7a3d12f8 (webtiles) character file.

Game seed: 763769116306524332

182 kae the Insei (level 5, -1/41 HPs)
             Began as a Demonspawn Monk on July 29, 2022.
             Killed by nerve-wracking pain
             ... invoked by an orc priest
              (4 damage)
             ... on level 3 of the Dungeon.
             The game lasted 00:02:55 (3641 turns).

kae the Insei (Demonspawn Monk)                     Turns: 3641, Time: 00:02:56

Health: -1/41      AC:  3    Str: 12    XL:     5   Next: 34%
Magic:  5/5        EV: 13    Int: 13    God:
Gold:   115        SH:  0    Dex: 17    Spells: 4/4 levels left

rFire   . . .      SeeInvis +     - Unarmed
rCold   . . .      Faith    .   (no shield)
rNeg    . . .      Spirit   .   a - +0 robe
rPois   .          Reflect  .   (no helmet)
rElec   .          Harm     .   (no cloak)
rCorr   .          Rampage  .   c - +0 pair of gloves
Will    .....                   (no boots)
Stlth   ++........              (no amulet)
HPRegen 0.13/turn               v - ring of see invisible
MPRegen 0.09/turn               (no ring)

@: mighty
A: powered by death 1, big brain 1
a: no special abilities


You were on level 3 of the Dungeon.
You visited 1 branch of the dungeon, and saw 3 of its levels.

You collected 115 gold pieces.


Innate Abilities, Weirdness & Mutations

You regenerate a little health from kills.
You have an unusually large brain. (Int +2)


   Skills:
 - Level 3.0 Fighting
 - Level 2.6 Dodging
 - Level 1.7 Stealth
 + Level 5.6 Unarmed Combat


You had 4 spell levels left.
You didn't know any spells.
Your spell library contained the following spells:

 Spells                   Type           Power      Damage    Failure   Level
 Ensorcelled Hibernation  Hex/Ice        0%         N/A       43%         2
 Passwall                 Tmut/Erth      0%         N/A       43%         2
 Swiftness                Air            0%         N/A       67%         3

Inventory:

Missiles
 f - 19 stones (quivered)
 h - 3 boomerangs
Armour
 a - a +0 robe (worn)
 c - a +0 pair of gloves (worn)
   (You found it on level 1 of the Dungeon)
Jewellery
 v - a ring of see invisible (left hand)
   (You found it on level 1 of the Dungeon)
 A - an amulet of the acrobat
   (You found it on level 3 of the Dungeon)
 S - a +6 ring of strength
   (You found it on level 2 of the Dungeon)
Scrolls
 d - 3 scrolls of vulnerability {!r!r}
 g - a scroll of enchant armour {unknown}
 m - 2 scrolls of teleportation {@r4}
 n - 3 scrolls of identify {@r1}
 o - a scroll of enchant weapon {unknown}
Potions
 e - a potion of cancellation {unknown}
 i - a potion of resistance {unknown}
 j - a potion of berserk rage {unknown}
 l - a potion of curing {unknown}

Dungeon Overview and Level Annotations

Branches:
Dungeon (3/15) Zot: 14360

Altars:

....#.# ##.....#
##......# ###
....... #.. .....
### .o. #o# #@#
#.# ### #$# #.#
#####.#### #.#
#........# ##.##
#.###.##.####...##
#.##.##......#####
#..............†.#
####.##....#####..


You could see an orc priest and an orc wizard (invisible).


Message History

You kill the kobold!
No target in view!
No target in view!
No target in view!
f - 19 stones (gained 3)
You see here a +0 club.
There is an open door here.
There is a fountain of clear blue water here.
You see here a hobgoblin corpse.
m - 2 scrolls of teleportation {@r4} (gained 1)
An orc priest comes into view. It is wielding a +0 war axe.
The orc priest shouts!
You hear a shout!
An orc comes into view. It is wielding a +0 hand axe.
An orc priest comes into view. It is wielding a +0 hand axe.
An orc wizard comes into view.
It is wielding a +0 dagger and wearing a +2 robe of positive energy.
You see here 10 gold pieces.
An orc comes into view. It is wielding a +0 mace.
The orc priest shouts!
There are monsters nearby!
The orc shouts!
The orc priest closely misses you.
You hit the orc priest but do no damage.
The orc priest hits you with a +0 war axe.
There are monsters nearby! 😕 HP[-2]
You take 2 damage, and now have 39/41 hp.
There are monsters nearby!
You completely miss the orc priest. The orc priest barely misses you.
You punch the orc priest! You hit the orc.
The orc priest calls upon Beogh to heal the orc.
The orc's wounds heal themselves!
You hit the orc.
The orc hits you with a +0 hand axe. 😕 HP[-1]
You take 1 damage, and now have 38/41 hp.
Okay, then.
Unknown command.
Unknown command.
Okay, then.
Okay, then.
You feel very mighty all of a sudden. The orc closely misses you.
The orc priest casts a cantrip, but nothing happens.
You punch the orc!
You kill the orc!
The orc priest mumbles some strange prayers to Beogh against you.
Beogh smites you! 😮 HP[-12]
You take 12 damage, and now have 26/41 hp.
MASSIVE DAMAGE!! (PAUSE)
You closely miss the orc priest.
The orc priest calls down the wrath of Beogh upon you.
Beogh smites you!
* * * LOW HITPOINT WARNING * * *
The orc priest misses you. 😨 HP[-11]
You take 11 damage, and now have 15/41 hp.
MASSIVE DAMAGE!! (PAUSE)
You punch the orc priest! Your punch misses the orc priest.
You barely miss the orc priest. The orc priest barely misses you.
You hit the orc priest.
You kill the orc priest!
The orc priest miscasts a cantrip.
You closely miss the orc. The orc barely misses you.
You are confused.
You feel invigorated.
The orc priest looks braver for a moment.
The orc hits you with a +0 mace.
* * * LOW HITPOINT WARNING * * *
😨 HP[-2]
You take 2 damage, and now have 13/41 hp.
You closely miss the orc. The orc hits you with a +0 mace!
* * * LOW HITPOINT WARNING * * *
😱 HP[-3]
You take 3 damage, and now have 10/41 hp.
You punch the orc!
You kill the orc! 😨 HP[+4]
You regained 4 hp, and now have 14/41 hp.
You bump into the rock wall.
You feel less invigorated.
You feel less confused.
The orc wizard casts a spell.
The orc wizard flickers and vanishes for a moment.
The orc priest completely misses you. 😨 HP[+5]
You regained 5 hp, and now have 19/41 hp.
You barely miss the orc priest.
The orc priest hits you with a +0 war axe!
* * * LOW HITPOINT WARNING * * *
😨 HP[-8]
You take 8 damage, and now have 11/41 hp.
You closely miss the orc priest.
The orc priest hits you with a +0 war axe!
* * * LOW HITPOINT WARNING * * *
😱 HP[-8]
You take 8 damage, and now have 3/41 hp.
You hit the orc priest.
The orc priest invokes the aid of Beogh against you.
Pain shoots through your body!
You die...

Skill      XL: |  1  2  3  4 |
---------------+-------------+-----
Unarmed Combat | 3 4 5 |  5.6
Fighting       | |  3.0
Dodging        | |  2.6
Stealth        | |  1.7

Action                   |  1- 3 |  4- 6 || total
-------------------------+-------+-------++-------
Melee: Unarmed           |   149 |   133 ||   282
       Punch             |     2 |     4 ||     6
  Use: Scroll            |     3 |     2 ||     5
       Potion            |       |     2 ||     2
 Stab: Sleeping          |     3 |     4 ||     7
Armor: Robe              |    33 |    15 ||    48
Dodge: Dodged            |   107 |    83 ||   190

Levels and vault maps discovered:
D:1:      nzn_arrival_water_spiral, layout_basic, basic_ecumenical_altar
D:2:      layout_basic
D:3:      kennysheep_slugbush, layout_loops_corners, grunt_nemelex_the_gamble,
          minmay_misc_feat_secret_circle, grunt_ministairs_14

Notes
Turn   | Place    | Note
-------+----------+-------------------------------------------
     0 | D:1      | kae the Demonspawn Monk began the quest for the Orb.
     0 | D:1      | Reached XP level 1. HP: 18/18 MP: 1/1
     0 | D:1      | magus.rc [v1.11.3]
    65 | D:1      | Reached skill level 3 in Unarmed Combat
   283 | D:1      | Gained mutation: You regenerate a little health from kills.
                  | [demonic ancestry]
   283 | D:1      | Reached XP level 2. HP: 23/24 MP: 2/2
   465 | D:1      | Reached XP level 3. HP: 29/29 MP: 3/3
   628 | D:1      | Reached skill level 4 in Unarmed Combat
  1018 | D:1      | Found a faded altar of an unknown god.
  1648 | D:2      | Reached XP level 4. HP: 35/35 MP: 4/4
  1899 | D:2      | You pick up a book of Burglary and begin reading...
  1899 | D:2      | You add the spells Passwall, Ensorcelled Hibernation and
                  | Swiftness to your library.
  2859 | D:3      | Reached skill level 5 in Unarmed Combat
  3355 | D:3      | Gained mutation: You have an unusually large brain. (Int
                  | +2) [demonic ancestry]
  3355 | D:3      | Reached XP level 5. HP: 25/41 MP: 5/5
  3636 | D:3      | HP: 10/41 [orc/+0 mace (7)]
  3640 | D:3      | HP: 3/41 [orc priest/+0 war axe (8)]
  3641 | D:3      | Killed from afar by an orc priest

Vanquished Creatures
  2 orc priests (D:3)
  2 adders (D:2)
  8 dart slugs (D:3)
  6 orcs
  2 ball pythons
  2 endoplasms (D:1)
  3 giant cockroaches
  8 goblins
  7 hobgoblins
  16 jackals
  3 quokkas (D:1)
  6 bats
  3 frilled lizards
  6 kobolds
  2 rats (D:1)
76 creatures vanquished.

Table legend:
 A = Non-vault XP
 B = Vault XP
 C = Vault XP percentage of total XP
 D = Non-vault monster count
 E = Vault monster count
 F = Vault count percentage of total count
                 A         B        C        D         E       F
            +---------+---------+-------+---------+---------+-------
      Total |     225 |      35 |  13.5 |      66 |      10 |  13.2
            +---------+---------+-------+---------+---------+-------
        D:1 |      63 |       0 |   0.0 |      35 |       0 |   0.0
        D:2 |      44 |       0 |   0.0 |      13 |       0 |   0.0
        D:3 |     118 |      35 |  22.9 |      18 |      10 |  35.7
            +---------+---------+-------+---------+---------+-------

Illustrated notes

Table legend:
 A = Kills in this place as a percentage of kills in entire the game.
 B = Kills by you in this place as a percentage of kills by you in the entire game.
 C = Kills by friends in this place as a percentage of kills by friends in the entire game.
 D = Other kills in this place as a percentage of other kills in the entire game.
 E = Experience gained in this place as a percentage of experience gained in the entire game.
 F = Experience gained in this place divided by the number of levels of this place that you have seen.
                   A       B       C       D       E      F
               +-------+-------+-------+-------+-------+----------------------
         Total | 100.0 | 100.0 |   N/A |   N/A | 100.0 |  86.7
       Dungeon | 100.0 | 100.0 |   N/A |   N/A | 100.0 |  86.7
               +-------+-------+-------+-------+-------+----------------------

Table legend: (Time is in decaauts)
 A = Elapsed time spent in this place.
 B = Non-inter-level travel time spent in this place.
 C = Inter-level travel time spent in this place.
 D = Time resting spent in this place.
 E = Time spent auto-exploring this place.
 F = Levels seen in this place.
 G = Mean time per level.
                   A        B        C        D        E       F      G
               +--------+--------+--------+--------+--------+-----+--------+
         Total |   3638 |   3548 |     90 |    441 |   2406 |   3 | 1212.7 |
       Dungeon |   3638 |   3548 |     90 |    441 |   2406 |   3 | 1212.7 |
               +--------+--------+--------+--------+--------+-----+--------+

Top non-repeatable levels by time:
     D:3: 1339 daAuts
     D:1: 1207 daAuts
     D:2: 1091 daAuts
